2327 views
Uploaded 2024-06-25 19:20:03
Game version 1.36 (6115)
18:56 long 1on1 ladder game on (4)TurtleRock_S2
Saved by ET88
2327 views
Uploaded 2024-06-25 19:20:03
Game version 1.36 (6115)
18:56 long 1on1 ladder game on (4)TurtleRock_S2

41 units @ 4.9k
/ 0.8k
16 buildings @ 2.8k
/ 1.3k


| Lesser Clarity Potion | 1 | 70 |
| Scroll of Town Portal | 2 | 700 |
| Potion of Lesser Invulnerability | 1 | 150 |
| total: | 4 | 920g |
| Wisp | 20 | 1200 | / | 0 |
| Archer | 7 | 910 | / | 70 |
| Druid of the Claw | 6 | 1530 | / | 480 |
| Dryad | 3 | 435 | / | 180 |
| Hippogryph | 5 | 800 | / | 100 |
| total: | 41 | 4875g | / | 830w |
| Altar of Elders | 1 | 180 | / | 50 |
| Moon Well | 7 | 1260 | / | 280 |
| Ancient of War | 1 | 150 | / | 60 |
| Hunter's Hall | 1 | 210 | / | 100 |
| Ancient of Wonders | 1 | 90 | / | 30 |
| Tree of Life | 1 | 340 | / | 185 |
| Ancient of Lore | 3 | 465 | / | 435 |
| Ancient of Wind | 1 | 150 | / | 140 |
| Tree of Ages | 1 | 320 | / | 180 |
| Tree of Eternity | 1 | 330 | / | 200 |
| total: | 16 | 2845g | / | 1280w |
| 0:03 | Wisp |
| 0:03 | Wisp |
| 0:07 | Altar of Elders |
| 0:11 | Moon Well |
| 0:18 | Wisp |
| 0:37 | Ancient of War |
| 0:43 | Wisp |
| 0:57 | Wisp |
| 1:04 | Wisp |
| 1:11 | Wisp |
| 1:30 | Moon Well |
| 1:39 | Archer |
| 1:43 | Wisp |
| 1:52 | Wisp |
| 1:55 | Wisp |
| 2:06 | Immolation |
| 2:21 | Archer |
| 2:28 | Wisp |
| 2:29 | Archer |
| 2:43 | Moon Well |
| 3:08 | Archer |
| 3:20 | Mana Burn |
| 3:31 | Tree of Ages |
| 3:39 | Archer |
| 3:59 | Hunter's Hall |
| 4:29 | Moon Well |
| 5:32 | Mana Burn |
| 5:52 | Wisp |
| 5:52 | Wisp |
| 5:55 | Ancient of Lore |
| 5:58 | Ancient of Lore |
| 6:03 | Moon Well |
| 6:05 | Moon Armor |
| 6:13 | Wisp |
| 6:14 | Wisp |
| 6:18 | Ancient of Wonders |
| 6:32 | Frost Arrows |
| 7:27 | Druid of the Claw |
| 7:33 | Druid of the Claw Adept Training |
| 7:37 | Tree of Eternity |
| 8:02 | Abolish Magic |
| 8:19 | Dryad |
| 8:43 | Dryad |
| 8:55 | Druid of the Claw |
| 10:08 | Dryad |
| 10:09 | Druid of the Claw Master Training |
| 10:46 | Lesser Clarity Potion |
| 10:53 | Reinforced Hides |
| 10:55 | Archer |
| 10:55 | Archer |
| 11:04 | Ancient of Lore |
| 11:11 | Ancient of Wind |
| 11:35 | Druid of the Claw |
| 12:08 | Strength of the Wild |
| 12:18 | Forked Lightning |
| 12:30 | Wisp |
| 12:30 | Wisp |
| 12:34 | Wisp |
| 12:59 | Tree of Life |
| 13:06 | Wisp |
| 13:29 | Scroll of Town Portal |
| 13:33 | Potion of Lesser Invulnerability |
| 13:49 | Druid of the Claw |
| 13:55 | Moon Well |
| 13:58 | Evasion |
| 14:00 | Frost Arrows |
| 14:34 | Scroll of Town Portal |
| 14:40 | Well Spring |
| 14:47 | Druid of the Claw |
| 14:50 | Wisp |
| 15:13 | Hippogryph |
| 16:00 | Hippogryph |
| 16:20 | Moon Well |
| 16:25 | Hippogryph |
| 17:14 | Hippogryph |
| 17:19 | Ultravision |
| 17:20 | Improved Reinforced Hides |
| 17:33 | Marksmanship |
| 18:28 | Druid of the Claw |
| 18:31 | Hippogryph |
| Right click | 674 |
| Select | 343 |
| Select group | 259 |
| Misc. action | 151 |
| Build/train/purchase | 96 |
| Use ability | 30 |
| Assign group | 28 |
| Esc | 4 |
| Chat | 4 |
| Item give/drop | 2 |
| Remove unit | 2 |
25 units @ 4.5k
/ 0.8k
15 buildings @ 2.4k
/ 0.8k



| Rod of Necromancy | 2 | 300 |
| Potion of Mana | 1 | 200 |
| Orb of Corruption | 1 | 375 |
| Scroll of Healing | 2 | 500 |
| Scroll of Protection | 1 | 150 |
| total: | 7 | 1525g |
| Acolyte | 8 | 600 | / | 0 |
| Ghoul | 2 | 240 | / | 0 |
| Crypt Fiend | 11 | 2365 | / | 440 |
| Abomination | 2 | 480 | / | 140 |
| Frost Wyrm | 2 | 770 | / | 240 |
| total: | 25 | 4455g | / | 820w |
| Crypt | 1 | 200 | / | 50 |
| Ziggurat | 7 | 1050 | / | 350 |
| Graveyard | 1 | 215 | / | 0 |
| Altar of Darkness | 1 | 180 | / | 50 |
| Tomb of Relics | 2 | 260 | / | 60 |
| Necropolis | 1 | 225 | / | 0 |
| Slaughterhouse | 1 | 140 | / | 135 |
| Boneyard | 1 | 175 | / | 200 |
| Halls of the Dead | 1 | 320 | / | 210 |
| Black Citadel | 1 | 325 | / | 230 |
| total: | 15 | 2445g | / | 845w |
| 0:03 | Acolyte |
| 0:06 | Crypt |
| 0:10 | Ziggurat |
| 0:27 | Graveyard |
| 0:42 | Acolyte |
| 1:00 | Altar of Darkness |
| 1:13 | Ghoul |
| 1:31 | Ziggurat |
| 1:50 | Crypt Fiend |
| 2:03 | Tomb of Relics |
| 2:26 | Crypt Fiend |
| 2:53 | Crypt Fiend |
| 3:08 | Rod of Necromancy |
| 3:29 | Death Coil |
| 3:47 | Halls of the Dead |
| 4:06 | Unholy Aura |
| 4:08 | Crypt Fiend |
| 4:35 | Ziggurat |
| 5:01 | Crypt Fiend |
| 5:53 | Ghoul |
| 6:04 | Rod of Necromancy |
| 6:13 | Ziggurat |
| 7:06 | Frost Nova |
| 7:24 | Tomb of Relics |
| 7:37 | Slaughterhouse |
| 7:45 | Death Coil |
| 8:31 | Crypt Fiend |
| 8:44 | Black Citadel |
| 8:45 | Crypt Fiend |
| 9:35 | Dark Ritual |
| 10:12 | Crypt Fiend |
| 10:37 | Crypt Fiend |
| 10:58 | Potion of Mana |
| 10:59 | Crypt Fiend |
| 11:03 | Ziggurat |
| 11:06 | Abomination |
| 11:09 | Orb of Corruption |
| 11:17 | Boneyard |
| 11:40 | Unholy Aura |
| 11:58 | Abomination |
| 12:01 | Crypt Fiend |
| 12:03 | Ziggurat |
| 12:06 | Acolyte |
| 12:10 | Frost Nova |
| 13:14 | Frost Wyrm |
| 13:20 | Ziggurat |
| 13:38 | Necropolis |
| 13:45 | Scroll of Healing |
| 15:00 | Frost Arrows |
| 15:55 | Acolyte |
| 15:55 | Acolyte |
| 15:55 | Acolyte |
| 15:56 | Acolyte |
| 16:01 | Web |
| 16:31 | Scroll of Healing |
| 16:37 | Scroll of Protection |
| 17:11 | Acolyte |
| 18:08 | Dark Ritual |
| 18:52 | Frost Wyrm |
| Right click | 1144 |
| Select group | 1103 |
| Select | 214 |
| Assign group | 62 |
| Build/train/purchase | 62 |
| Use ability | 28 |
| Misc. action | 6 |
| Item give/drop | 2 |
| Esc | 1 |
โ